 Dungeon Crawl Stone Soup version 0.29.0-4-gdea44cf6ec (webtiles) character file.

Game seed: 5449991835441985408

5597 qw the Cleaver (level 10, -3/60 HPs)
             Began as a Tengu Warper on Aug 28, 2022.
             Was a Priest of Okawaru.
             Slain by a hornet (4 damage)
             ... on level 9 of the Dungeon.
             The game lasted 00:01:01 (11852 turns).

qw the Cleaver (Tengu Warper)                      Turns: 11852, Time: 00:01:01

Health: -3/60      AC: 15    Str: 16    XL:     10   Next: 73%
Magic:  12/14      EV: 12    Int: 13    God:    Okawaru [***...]
Gold:   463        SH:  0    Dex: 20    Spells: 13/13 levels left

rFire   . . .      SeeInvis .   Y - +2 hand axe (freeze)
rCold   . . .      Faith    .   (no shield)
rNeg    . . .      Spirit   .   i - +0 plate armour
rPois   .          Reflect  .   (helmet restricted)
rElec   .          Harm     .   m - +0 cloak
rCorr   .          Rampage  .   (no gloves)
Will    .....                   (boots unavailable)
Stlth   ..........              (no amulet)
HPRegen 0.20/turn               o - +6 ring of dexterity
MPRegen 0.14/turn               (no ring)

@: lethally poisoned (-3 -> -20), about to teleport, heroic, flying quickly and
evasively, slowed, very slow
A: beak, talons 3, nimble flight
a: Renounce Religion, Heroism


You were on level 9 of the Dungeon.
You worshipped Okawaru.
Okawaru was most pleased with you.
You visited 2 branches of the dungeon, and saw 10 of its levels.

You collected 493 gold pieces.
You spent 30 gold pieces at shops.


Innate Abilities, Weirdness & Mutations

You have a beak for a mouth.
You have claws for feet.
Your magical nature lets you fly swiftly and evasively.


   Skills:
 - Level 6.1(11.1) Fighting
 - Level 13.1(18.1) Axes
 - Level 1.0(6.0) Throwing
 + Level 4.5(9.5) Armour
 - Level 6.0(11.0) Dodging
 - Level 2.0 Spellcasting
 - Level 2.4 Translocations
 - Level 4.6 Invocations


You had 13 spell levels left.
You didn't know any spells.
Your spell library contained the following spells:

 Spells                   Type           Power      Damage    Failure   Level
 Blink                    Tloc           14%        N/A       99%         2
 Gell's Gravitas          Tloc           7%         N/A       100%        3
 Lesser Beckoning         Tloc           7%         N/A       100%        3
 Teleport Other           Tloc           7%         N/A       100%        3
 Manifold Assault         Tloc           7%         N/A       100%        5

Inventory:

Hand Weapons
 h - a +0 morningstar
 Y - a +2 hand axe of freezing (weapon)
Missiles
 d - 11 boomerangs (quivered)
Armour
 c - a +0 kite shield
 i - a +0 plate armour (worn)
 m - a +0 cloak (worn)
Jewellery
 o - a +6 ring of dexterity (left hand)
Scrolls
 a - 2 scrolls of identify
 b - a scroll of fear {unknown}
Potions
 f - 6 potions of curing
 g - a potion of resistance
 j - a potion of might
 k - a potion of cancellation
 l - a potion of haste

Dungeon Overview and Level Annotations

Branches:
Dungeon (9/15)             Temple (1/1) D:5
   Lair: D:8-11         Orc: D:9-12

Altars:
Ashenzari
Cheibriados
Dithmenos
Elyvilon
Fedhas
Gozag
Hepliaklqana
Kikubaaqudgha
Makhleb
Nemelex Xobeh
Okawaru
Qazlal
Ru
Sif Muna
Trog
Uskayaw
Vehumet
Wu Jian
Xom
Yredelemnul
Zin
The Shining One

Shops:
D:3 !   D:8 :


Message History

The hornet stings you.
You feel yourself slow down.
You hit the hornet. You freeze the hornet.
The hornet is severely wounded.
The hornet stings you.
You are poisoned.
You feel as though you will be slow longer.
The hornet stings you.
You are more poisoned.
You feel as though you will be slow longer.
You barely miss the hornet. Your kick misses the hornet.
The hornet is severely wounded.
You feel very sick.
The hornet stings you but does no damage.
You hit the hornet but do no damage. Your peck misses the hornet.
The hornet is severely wounded.
You feel very sick. The hornet stings you!
You are more poisoned.
You feel as though you will be slow longer.
The hornet stings you but does no damage.
11850 ||| INVOKING Heroism.
You gain the combat prowess of a mighty hero.
You feel extremely sick.
The hornet stings you but does no damage.
The hornet stings you.
You are lethally poisoned!
You feel as though you will be slow longer.
You hit the hornet but do no damage. Your kick misses the hornet.
You peck the hornet, but do no damage.
The hornet is severely wounded.
You feel very sick. The hornet stings you.
You feel as though you will be slow longer.
The hornet stings you but does no damage.
11852 ||| READING scroll of teleportation.
As you read the scroll of teleportation, it crumbles to dust.
You feel strangely unstable.
You feel extremely sick. The hornet stings you.
You die...

#.....#.)))##......
#.....###'###......
#..##...)...#....##
#......#....#....##
#......#....##'####
#.................#
#.............###.#
#y###.........# #..
#.@...........# #..
#.............# #..
#.............###..
#..................
###################


You could see a hornet.

Vanquished Creatures
  Erica (D:8)
  Pikel (D:7)
  Maggie (D:7)
  Grinder (D:3)
  Prince Ribbit (D:5)
  Menkaure (D:7)
  2 steam dragons (D:8)
  An orc warrior (D:8)
  A black bear (D:5)
  3 ogres
  4 centaurs
  A lemure (D:7)
  A phantom (D:6)
  A kobold brigand (D:9)
  Blork the orc (D:5)
  3 gnoll sergeants
  5 bullfrogs
  A necrophage (D:5)
  4 scorpions
  8 wights
  6 killer bees (D:7)
  4 howler monkeys (D:8)
  4 electric eels (D:6)
  2 hounds
  3 orc priests
  4 iguanas
  4 orc wizards
  14 gnolls
  9 adders
  2 white imps
  4 worms
  2 dart slugs
  20 orcs
  3 endoplasms
  5 giant cockroaches
  7 hobgoblins
  7 jackals
  3 quokkas
  4 ball pythons
  6 bats
  6 goblins
  13 kobolds
  5 rats
  A spectral orc (D:6)
180 creatures vanquished.

Vanquished Creatures (others)
  A bush (D:6)
1 creature vanquished.

Grand Total: 181 creatures vanquished

Notes
Turn   | Place    | Note
-------+----------+-------------------------------------------
     0 | D:1      | qw the Tengu Warper began the quest for the Orb.
     0 | D:1      | Reached XP level 1. HP: 12/12 MP: 4/4
     0 | D:1      | 0 ||| qw: Version: 0.1-a-89-g26bdef1
     0 | D:1      | 0 ||| qw: Game counter: 1475
     0 | D:1      | 0 ||| qw: Always use a shield: true
     0 | D:1      | 0 ||| qw: God list: Okawaru
     0 | D:1      | 0 ||| qw: Allow faded altars: false
     0 | D:1      | 0 ||| qw: Do Orc after D:15 true
     0 | D:1      | 0 ||| qw: Do second Lair branch before Depths: true
     0 | D:1      | 0 ||| qw: Lair rune preference: random
     0 | D:1      | 0 ||| qw: Plans: Normal
     0 | D:1      | 0 ||| PLANNING D:1-11
   281 | D:1      | Reached skill level 3 in Axes
   281 | D:1      | Reached XP level 2. HP: 17/17 MP: 6/6
   766 | D:1      | Reached XP level 3. HP: 13/21 MP: 7/7
   913 | D:1      | 913 ||| UPGRADING to +0 ring mail.
   923 | D:1      | 923 ||| DROPPING +0 leather armour.
   924 | D:1      | 924 ||| DROPPING ring of wizardry.
   925 | D:1      | 925 ||| READING 2 scrolls labelled HULLUE WIBI.
   926 | D:1      | 926 ||| READING scroll labelled USEJETO LAEFF.
   927 | D:1      | 927 ||| DRINKING 2 pink potions.
   928 | D:1      | 928 ||| DRINKING 2 green potions.
   929 | D:1      | 929 ||| DROPPING scroll of blinking.
   971 | D:2      | 971 ||| STAIRDANCE
   981 | D:2      | 981 ||| STAIRDANCE
  1080 | D:2      | Reached skill level 4 in Axes
  1643 | D:2      | Reached XP level 4. HP: 25/26 MP: 8/8
  1724 | D:2      | Found a white marble altar of Elyvilon.
  1906 | D:2      | 1906 ||| DROPPING +0 club.
  2006 | D:2      | You fall into a shaft and drop 2 floors!
  2049 | D:4      | Found a radiant altar of Vehumet.
  2071 | D:4      | Found a hazy altar of Hepliaklqana.
  2091 | D:4      | 2091 ||| DROPPING +2 robe of the Archmagi.
  2092 | D:4      | 2092 ||| READING scroll labelled PINANO CEDIZ.
  2096 | D:4      | 2096 ||| READING 2 scrolls labelled YNOODE TOTRUDU.
  2097 | D:4      | 2097 ||| READING scroll labelled ECVIORCHAOGHA.
  2098 | D:4      | 2098 ||| DROPPING scroll of noise.
  2194 | D:4      | 2194 ||| UPGRADING to +0 scale mail.
  2204 | D:4      | 2204 ||| DROPPING +0 ring mail.
  2269 | D:3      | Found Enaboal's Distillery.
  2276 | D:3      | 2276 ||| SHOPLISTING 2 potions of heal wounds (100 gold,
                  | have 97).
  2276 | D:3      | 2276 ||| BUYING potion of curing (30 gold).
  2276 | D:3      | Bought a potion of curing for 30 gold pieces
  2276 | D:3      | 2276 ||| SHOPLISTING potion of resistance (100 gold, have
                  | 67).
  2317 | D:3      | 2317 ||| Stepping ~*~*~tactically~*~*~ (stealth).
  2323 | D:3      | Reached skill level 5 in Axes
  2331 | D:3      | Noticed Grinder
  2332 | D:3      | Paralysed by Grinder for 4 turns
  2336 | D:3      | 2336 ||| Stepping ~*~*~tactically~*~*~ (hiding).
  2337 | D:3      | 2337 ||| Stepping ~*~*~tactically~*~*~ (hiding).
  2338 | D:3      | 2338 ||| Stepping ~*~*~tactically~*~*~ (hiding).
  2345 | D:3      | 2345 ||| Stepping ~*~*~tactically~*~*~ (hiding).
  2364 | D:3      | 2364 ||| Stepping ~*~*~tactically~*~*~ (hiding).
  2370 | D:3      | Killed Grinder
  2371 | D:3      | Reached skill level 7 in Axes
  2371 | D:3      | Gained mutation: Your magical nature lets you fly swiftly
                  | and evasively. [Tengu growth]
  2371 | D:3      | Reached XP level 5. HP: 22/30 MP: 9/9
  2371 | D:3      | Reached XP level 6. HP: 26/35 MP: 10/10
  2461 | D:3      | Found a faded altar of an unknown god.
  2504 | D:3      | 2504 ||| READING 2 scrolls of identify.
  2504 | D:3      | 2504 ||| IDENTIFYING puce potion
  2505 | D:3      | 2505 ||| DROPPING potion of flight.
  2702 | D:3      | 2702 ||| STAIRDANCE
  2745 | D:3      | Found a sparkling altar of Nemelex Xobeh.
  2870 | D:3      | 2870 ||| DROPPING +0 mace.
  2907 | D:3      | Found an ornate altar of the Wu Jian Council.
  3076 | D:3      | Reached skill level 3 in Fighting
  3296 | D:3      | Found a broken altar of Ashenzari.
  3336 | D:3      | Reached XP level 7. HP: 42/42 MP: 11/11
  3557 | D:3      | 3557 ||| UPGRADING to +0 cloak.
  3562 | D:3      | 3562 ||| READING scroll labelled ILURPH BOUWK.
  3563 | D:3      | 3563 ||| DRINKING 2 silvery potions.
  3564 | D:3      | 3564 ||| READING 2 scrolls of identify.
  3564 | D:3      | 3564 ||| IDENTIFYING fizzy clear potion
  3802 | D:4      | 3802 ||| Stepping ~*~*~tactically~*~*~ (stealth).
  4146 | D:4      | 4146 ||| READING scroll labelled KIPLAU KITYDU.
  4247 | D:4      | 4247 ||| READING 2 scrolls of identify.
  4247 | D:4      | 4247 ||| IDENTIFYING smoky brown potion
  4248 | D:4      | 4248 ||| DROPPING potion of brilliance.
  4261 | D:4      | 4261 ||| Stepping ~*~*~tactically~*~*~ (stealth).
  4290 | D:5      | Entered Level 5 of the Dungeon
  4454 | D:5      | Reached skill level 8 in Axes
  4530 | D:5      | Noticed Prince Ribbit
  4538 | D:5      | 4538 ||| FLEEEEING.
  4539 | D:5      | 4539 ||| FLEEEEING.
  4543 | D:5      | Killed Prince Ribbit
  4544 | D:5      | Reached skill level 9 in Axes
  4544 | D:5      | Reached XP level 8. HP: 29/48 MP: 12/12
  4705 | D:5      | 4705 ||| Stepping ~*~*~tactically~*~*~ (stealth).
  4731 | D:5      | Noticed Blork the orc
  4744 | D:5      | Killed Blork the orc
  4745 | D:5      | Reached skill level 3 in Dodging
  4957 | D:5      | Found a staircase to the Ecumenical Temple.
  4958 | D:5      | 4958 ||| PLANNING TEMPLE
  4958 | D:5      | 4958 ||| UPGRADING to +6 ring of dexterity.
  4959 | D:5      | 4959 ||| READING scroll labelled NANOMU CETU.
  4960 | D:5      | 4960 ||| DRINKING 2 lumpy grey potions.
  4985 | D:5      | 4985 ||| DRINKING 2 inky potions.
  4986 | D:5      | 4986 ||| DROPPING potion of lignification.
  4987 | D:5      | 4987 ||| DROPPING potion of invisibility.
  4993 | Temple   | Entered the Ecumenical Temple
  5011 | Temple   | Became a worshipper of Warmaster Okawaru
  5186 | Temple   | 5186 ||| PLANNING D:1-11
  5747 | D:5      | 5747 ||| DROPPING ring of magical power.
  5793 | D:6      | 5793 ||| Stepping ~*~*~tactically~*~*~ (stealth).
  5795 | D:6      | 5795 ||| Stepping ~*~*~tactically~*~*~ (stealth).
  5889 | D:6      | 5889 ||| Stepping ~*~*~tactically~*~*~ (hiding).
  5912 | D:6      | 5912 ||| Stepping ~*~*~tactically~*~*~ (stealth).
  5953 | D:6      | 5953 ||| Stepping ~*~*~tactically~*~*~ (stealth).
  5961 | D:6      | 5961 ||| Stepping ~*~*~tactically~*~*~ (stealth).
  5985 | D:6      | Reached skill level 10 in Axes
  6056 | D:6      | 6056 ||| Stepping ~*~*~tactically~*~*~ (stealth).
  6057 | D:6      | 6057 ||| Stepping ~*~*~tactically~*~*~ (stealth).
  6131 | D:6      | HP: 12/48 [centaur/arrow (5)]
  6132 | D:6      | 6132 ||| READING 3 scrolls of teleportation.
  6133 | D:6      | 6133 ||| DRINKING 2 potions of heal wounds.
  6386 | D:6      | 6386 ||| Stepping ~*~*~tactically~*~*~ (stealth).
  6413 | D:6      | 6413 ||| DROPPING +0 flail.
  6478 | D:6      | 6478 ||| Stepping ~*~*~tactically~*~*~ (stealth).
  6480 | D:6      | 6480 ||| FLEEEEING.
  6481 | D:6      | 6481 ||| FLEEEEING.
  6482 | D:6      | 6482 ||| FLEEEEING.
  6483 | D:6      | 6483 ||| FLEEEEING.
  6484 | D:6      | 6484 ||| FLEEEEING.
  6601 | D:6      | Reached * piety under Okawaru
  6602 | D:6      | Reached XP level 9. HP: 51/54 MP: 13/13
  6734 | D:6      | 6734 ||| Stepping ~*~*~tactically~*~*~ (hiding).
  6744 | D:6      | Reached skill level 1 in Invocations
  6966 | D:6      | 6966 ||| INVOKING Heroism.
  7207 | D:6      | 7207 ||| Stepping ~*~*~tactically~*~*~ (stealth).
  7208 | D:6      | 7208 ||| Stepping ~*~*~tactically~*~*~ (stealth).
  7209 | D:6      | 7209 ||| Stepping ~*~*~tactically~*~*~ (stealth).
  7213 | D:6      | 7213 ||| INVOKING Heroism.
  7258 | D:6      | 7258 ||| INVOKING Heroism.
  7307 | D:6      | 7307 ||| FLEEEEING.
  7308 | D:6      | 7308 ||| FLEEEEING.
  7309 | D:6      | 7309 ||| FLEEEEING.
  7314 | D:6      | 7314 ||| INVOKING Heroism.
  7477 | D:6      | 7477 ||| INVOKING Heroism.
  7521 | D:6      | Found a basalt altar of Yredelemnul.
  7640 | D:6      | 7640 ||| READING scroll labelled GIPSUPR WAVELUO.
  7781 | D:6      | 7781 ||| READING 2 scrolls of identify.
  7781 | D:6      | 7781 ||| IDENTIFYING bubbling puce potion
  7782 | D:6      | 7782 ||| DROPPING potion of degeneration.
  7821 | D:7      | 7821 ||| Stepping ~*~*~tactically~*~*~ (stealth).
  7825 | D:7      | 7825 ||| INVOKING Heroism.
  7834 | D:7      | Reached skill level 3 in Invocations
  8060 | D:7      | 8060 ||| READING scroll of enchant weapon.
  8060 | D:7      | 8060 ||| ENCHANTING +1 hand axe of freezing.
  8120 | D:7      | 8120 ||| Stepping ~*~*~tactically~*~*~ (stealth).
  8143 | D:7      | 8143 ||| INVOKING Heroism.
  8372 | D:7      | Noticed Pikel
  8373 | D:7      | 8373 ||| INVOKING Heroism.
  8388 | D:7      | Killed Pikel
  8389 | D:7      | Reached skill level 11 in Axes
  8579 | D:7      | Reached skill level 3 in Armour
  8664 | D:7      | Noticed Menkaure
  8665 | D:7      | 8665 ||| Stepping ~*~*~tactically~*~*~ (hiding).
  8667 | D:7      | 8667 ||| Stepping ~*~*~tactically~*~*~ (hiding).
  8668 | D:7      | 8668 ||| Stepping ~*~*~tactically~*~*~ (hiding).
  8669 | D:7      | 8669 ||| Stepping ~*~*~tactically~*~*~ (hiding).
  8673 | D:7      | 8673 ||| INVOKING Heroism.
  8677 | D:7      | Killed Menkaure
  8677 | D:7      | Reached ** piety under Okawaru
  8678 | D:7      | Reached XP level 10. HP: 59/59 MP: 11/14
  8824 | D:7      | Found an ancient bone altar of Kikubaaqudgha.
  8829 | D:7      | Noticed Maggie
  8847 | D:7      | 8847 ||| INVOKING Heroism.
  8850 | D:7      | Killed Maggie
  8851 | D:7      | Reached skill level 12 in Axes
  9239 | D:7      | 9239 ||| READING scroll labelled ZAISEY BANTUTO.
  9240 | D:7      | 9240 ||| READING scroll labelled RENAMY WUNO.
  9241 | D:7      | 9241 ||| READING 2 scrolls of identify.
  9241 | D:7      | 9241 ||| IDENTIFYING white potion
  9264 | D:8      | 9264 ||| Stepping ~*~*~tactically~*~*~ (stealth).
  9298 | D:8      | Found a shadowy altar of Dithmenos.
  9338 | D:8      | 9338 ||| Stepping ~*~*~tactically~*~*~ (stealth).
  9339 | D:8      | 9339 ||| Stepping ~*~*~tactically~*~*~ (stealth).
  9340 | D:8      | 9340 ||| Stepping ~*~*~tactically~*~*~ (stealth).
  9342 | D:8      | 9342 ||| Stepping ~*~*~tactically~*~*~ (hiding).
  9346 | D:8      | 9346 ||| INVOKING Heroism.
  9381 | D:8      | Reached skill level 6 in Dodging
  9381 | D:8      | 9381 ||| Stepping ~*~*~tactically~*~*~ (hiding).
  9383 | D:8      | 9383 ||| INVOKING Heroism.
  9390 | D:8      | 9390 ||| Stepping ~*~*~tactically~*~*~ (stealth).
  9513 | D:8      | Found a blossoming altar of Fedhas.
  9577 | D:8      | Found a bloodstained altar of Trog.
  9731 | D:8      | 9731 ||| INVOKING Heroism.
  9744 | D:8      | HP: 13/59 [wight/+0 halberd (5)]
  9745 | D:8      | 9745 ||| READING 2 scrolls of teleportation.
  9745 | D:8      | HP: 4/60 [wight/+0 halberd (3)]
  9746 | D:8      | 9746 ||| DRINKING potion of heal wounds.
  9880 | D:8      | 9880 ||| Stepping ~*~*~tactically~*~*~ (stealth).
  9937 | D:8      | 9937 ||| Stepping ~*~*~tactically~*~*~ (stealth).
  9944 | D:8      | 9944 ||| Stepping ~*~*~tactically~*~*~ (stealth).
  9946 | D:8      | 9946 ||| Stepping ~*~*~tactically~*~*~ (hiding).
  9949 | D:8      | 9949 ||| INVOKING Heroism.
  9951 | D:8      | 9951 ||| READING scroll labelled ZEIQAPEOTO.
  9961 | D:8      | Reached skill level 6 in Fighting
  9961 | D:8      | 9961 ||| Stepping ~*~*~tactically~*~*~ (cloud).
 10049 | D:8      | 10049 ||| Stepping ~*~*~tactically~*~*~ (hiding).
 10050 | D:8      | 10050 ||| Stepping ~*~*~tactically~*~*~ (hiding).
 10053 | D:8      | 10053 ||| Stepping ~*~*~tactically~*~*~ (stealth).
 10061 | D:8      | 10061 ||| INVOKING Heroism.
 10258 | D:8      | 10258 ||| Stepping ~*~*~tactically~*~*~ (stealth).
 10259 | D:8      | 10259 ||| Stepping ~*~*~tactically~*~*~ (stealth).
 10261 | D:8      | 10261 ||| INVOKING Heroism.
 10289 | D:8      | Noticed Erica
 10290 | D:8      | 10290 ||| Stepping ~*~*~tactically~*~*~ (hiding).
 10292 | D:8      | 10292 ||| Stepping ~*~*~tactically~*~*~ (hiding).
 10294 | D:8      | 10294 ||| INVOKING Heroism.
 10303 | D:8      | Killed Erica
 10303 | D:8      | Reached *** piety under Okawaru
 10304 | D:8      | Reached skill level 13 in Axes
 10307 | D:8      | HP: 14/60 [poisoned by Erica (bolt of poison)]
 10312 | D:8      | HP: 9/60 [poisoned by Erica (bolt of poison)]
 10315 | D:8      | 10315 ||| Stepping ~*~*~tactically~*~*~ (stealth).
 10321 | D:8      | 10321 ||| READING scroll of teleportation.
 10322 | D:8      | 10322 ||| INVOKING Heroism.
 10324 | D:8      | HP: 6/60 [centaur/arrow (4)]
 10325 | D:8      | Found Lezonk's Self-Improvement Boutique.
 10732 | D:8      | 10732 ||| Stepping ~*~*~tactically~*~*~ (hiding).
 10748 | D:8      | 10748 ||| UPGRADING to +0 plate armour.
 10758 | D:8      | 10758 ||| DROPPING +0 scale mail.
 10759 | D:8      | 10759 ||| DRINKING 2 ruby potions.
 10760 | D:8      | 10760 ||| DROPPING potion of attraction.
 10821 | D:9      | Found a glowing silver altar of Zin.
 10851 | D:9      | 10851 ||| Stepping ~*~*~tactically~*~*~ (stealth).
 10852 | D:9      | 10852 ||| Stepping ~*~*~tactically~*~*~ (stealth).
 10861 | D:9      | 10861 ||| Stepping ~*~*~tactically~*~*~ (stealth).
 10863 | D:9      | 10863 ||| Stepping ~*~*~tactically~*~*~ (stealth).
 10864 | D:9      | 10864 ||| INVOKING Heroism.
 10873 | D:9      | HP: 15/60 [poisoned by a kobold brigand (curare-tipped
                  | dart)]
 11127 | D:9      | 11127 ||| Stepping ~*~*~tactically~*~*~ (hiding).
 11142 | D:9      | 11142 ||| INVOKING Heroism.
 11150 | D:9      | HP: 15/60 [poisoned by a gnoll sergeant]
 11155 | D:9      | HP: 11/60 [poisoned by a gnoll sergeant]
 11418 | D:9      | Identified the +2 scale mail of Tomorrow {rN+ Regen+ Str+4}
 11485 | D:9      | 11485 ||| INVOKING Heroism.
 11688 | D:9      | 11688 ||| Stepping ~*~*~tactically~*~*~ (hiding).
 11850 | D:9      | 11850 ||| INVOKING Heroism.
 11851 | D:9      | HP: 14/60 [poisoned by a hornet]
 11852 | D:9      | 11852 ||| READING scroll of teleportation.
 11852 | D:9      | HP: 1/60 [poisoned by a hornet]
 11852 | D:9      | Slain by a hornet

Levels and vault maps discovered:
D:1:      giann_horns, layout_basic
D:2:      layout_loops_ring, basic_altar, item_on_display_a
D:3:      layout_basic, mainiacjoe_overflow_concentric_impassable,
          mainiacjoe_overflow_alcove_2, overflow_temple_1_default, serial_shops,
          nicolae_shop_waterfront, ebering_ecumenical_altar_rust, uniq_grinder
D:4:      layout_basic, mainiacjoe_overflow_alcove_1,
          mainiacjoe_overflow_surrounded_room
D:5:      layout_basic, minmay_temple_entry_statues_pillars,
          minmay_misc_feat_roman, minmay_curled_crystal, uniq_prince_ribbit1,
          uniq_blork_the_orc
D:6:      minmay_evil_eye, layout_basic, yredelemnul_forgotten_temple_becter,
          corexii_hall_statues_l, minmay_stone_trees_large,
          grunt_decor_junction, kb_lookout_dungeons_type, kennysheep_boxes
D:7:      layout_loops_corners, general_overflow_altar, uniq_maggie,
          uniq_menkaure, uniq_pikel
D:8:      cheibrodos_steamvent, layout_rooms, lightli_temple_of_fire,
          mainiacjoe_overflow_catch_the_wave, enter_bailey_4, interstate_on_off,
          nicolae_shop_self_help, uniq_erica
D:9:      layout_stronghold, mainiacjoe_overflow_boulevard, dk_noncrumbling_4
Temple:   minmay_temple_curvy_loop

Skill      XL: |  1  2  3  4  5  6  7  8  9 10 |
---------------+-------------------------------+-----
Axes           | 3 4 7 9 10 11 13 | 13.1
Fighting       | 3 5 6 |  6.1
Armour         | 2 3 4 |  4.5
Dodging        | 4 5 6 |  6.0
Invocations    | 4 |  4.6
Throwing       | |  1.0
Spellcasting   | |  2.0
Translocations | |  2.4

Action                   |  1- 3 |  4- 6 |  7- 9 | 10-12 || total
-------------------------+-------+-------+-------+-------++-------
Melee: Hand axe          |    71 |    92 |   273 |   163 ||   599
       Kick              |    16 |    33 |    90 |    76 ||   215
       Peck              |     9 |    14 |    52 |    40 ||   115
       Punch             |       |     2 |     4 |     1 ||     7
Throw: Boomerang         |     7 |       |    11 |     9 ||    27
Invok: Heroism           |       |       |     9 |    13 ||    22
  Use: Scroll            |     2 |     4 |     9 |     7 ||    22
       Potion            |     2 |       |     4 |     2 ||     8
 Stab: Distracted        |       |       |     1 |       ||     1
Armor: Leather armour    |     7 |       |       |       ||     7
       Ring mail         |    13 |     4 |       |       ||    17
       Scale mail        |       |    15 |    56 |    19 ||    90
       Plate armour      |       |       |       |    31 ||    31
Dodge: Dodged            |    33 |    33 |   166 |   109 ||   341

Table legend:
 A = Non-vault XP
 B = Vault XP
 C = Vault XP percentage of total XP
 D = Non-vault monster count
 E = Vault monster count
 F = Vault count percentage of total count
                 A         B        C        D         E       F
            +---------+---------+-------+---------+---------+-------
      Total |    4486 |    3511 |  43.9 |     160 |      19 |  10.6
            +---------+---------+-------+---------+---------+-------
        D:1 |      41 |       0 |   0.0 |      16 |       0 |   0.0
        D:2 |      72 |       0 |   0.0 |      23 |       0 |   0.0
        D:3 |     251 |     277 |  52.5 |      22 |       1 |   4.3
        D:4 |     141 |       0 |   0.0 |       9 |       0 |   0.0
        D:5 |     517 |     373 |  41.9 |      12 |       2 |  14.3
        D:6 |     990 |     339 |  25.5 |      21 |       5 |  19.2
        D:7 |     934 |    1300 |  58.2 |      17 |       3 |  15.0
        D:8 |    1016 |    1222 |  54.6 |      20 |       8 |  28.6
        D:9 |     524 |       0 |   0.0 |      20 |       0 |   0.0
            +---------+---------+-------+---------+---------+-------
